 Dungeon Crawl Stone Soup version 0.27.0-1-g7a089689b8 (webtiles) character file.

Game seed: 15070951023698444661

130 Sobieck the Chopper (level 4, -1/37 HPs)
             Began as a Palentonga Fighter on Aug 5, 2021.
             Was an Initiate of Gozag.
             Slain by a gnoll (4 damage)
             ... on level 3 of the Dungeon.
             The game lasted 00:05:54 (3324 turns).

Sobieck the Chopper (Palentonga Fighter)            Turns: 3324, Time: 00:05:54

Health: -1/37      AC:  7    Str: 20    XL:     4   Next: 89%
Magic:  4/4        EV:  3    Int:  8    God:    Gozag
Gold:   409        SH: 10    Dex: 10    Spells: 3/3 levels left

rFire    . . .     SeeInvis +   a - +0 war axe {axe}
rCold    . . .     Faith    .   c - +1 kite shield
rNeg     . . .     Spirit   .   s - +0 chain mail
rPois    .         Reflect  .   (no helmet)
rElec    .         Harm     .   (no cloak)
rCorr    .         Rampage  .   (no gloves)
Will     .....                  (no barding)
Stlth    ..........             (no amulet)
HPRegen  0.12/turn              (no ring)
MPRegen  0.09/turn              (no ring)

@: no status effects
A: large, rugged brown scales 3, see invisible, deformed body, roll 1, armoured
tail
a: Rolling Charge, Renounce Religion, Potion Petition, Call Merchant, Bribe
Branch


You were on level 3 of the Dungeon.
You worshipped Gozag.
Gozag was aware of your devotion.
You visited 1 branch of the dungeon, and saw 3 of its levels.

You collected 409 gold pieces.


Innate Abilities, Weirdness & Mutations

You are completely covered in rugged brown scales. (AC +3, +7% HP)
You have supernaturally acute eyesight. (SInv)
Armour fits poorly on your strangely shaped body.
You can roll at nearby foes to attack.
You have a long armoured tail.


   Skills:
 - Level 3.0 Fighting
 * Level 3.9 Axes
 - Level 2.4 Armour
 + Level 3.6 Shields


You had 3 spell levels left.
You didn't know any spells.
Your spell library contained the following spells:

 Spells                   Type           Power      Damage    Failure   Level
 Freeze                   Ice            0%         1d3       100%        1
 Magic Dart               Conj           0%         1d3       100%        1
 Call Imp                 Summ           0%         N/A       100%        2
 Mephitic Cloud           Conj/Pois/Air  0%         N/A       100%        3

Inventory:

Hand Weapons
 a - a +0 war axe (weapon) {axe}
 h - a +3 mace {mace}
   (You took it off Terence on level 3 of the Dungeon)
 o - a +1 whip of freezing {mace}
   (You took it off a kobold on level 2 of the Dungeon)
 u - a +0 dagger of draining {short}
   (You took it off a goblin on level 3 of the Dungeon)
 w - a +0 club {mace}
   (You took it off a goblin on level 3 of the Dungeon)
Missiles
 m - 35 arrows
 n - 27 bolts
 p - 192 stones (quivered) {throwing}
 t - 8 javelins {throwing}
Armour
 b - a +0 scale mail
 c - a +1 kite shield (worn)
 l - a +2 scale mail of positive energy
   (You took it off Terence on level 3 of the Dungeon)
 s - a +0 chain mail (worn)
   (You found it on level 3 of the Dungeon)
Scrolls
 i - a scroll of teleportation {@r4}
 v - a scroll of vulnerability {unknown}
Potions
 d - a potion of might
 e - a potion of flight {unknown}
 f - 2 potions of mutation {unknown}
 g - a potion of curing {unknown}
 j - a potion of lignification {unknown}
 k - 2 potions of ambrosia {unknown}
 q - a potion of heal wounds {unknown}
 r - a potion of degeneration {unknown}

Dungeon Overview and Level Annotations

Branches:
Dungeon (3/15)

Altars:
Ashenzari
Gozag
Sif Muna
Trog
Zin

########################''#######
.........#.......#....#
.........')......#....#
.........#########....##
#####..........#......#
#..........'......+
#####..........#......#
.......)#########....##
........'g@.))..#....#
........#.).....#....#
######################


You could see a gnoll.


Message History

Things that are here:
7 gold pieces; a +0 club {mace} Roll where?
Press: ? - help, Dir - move target, f - gnoll
Aim: a gnoll, wielding a +0 club You roll forward with a clatter of scales!
You slash the gnoll!
You kill the gnoll!
You hear a shout!
Unknown command.
You now have 377 gold pieces (gained 14).
Things that are here:
a +0 club {mace}; a +0 club {mace} You now have 384 gold pieces (gained 7).
You see here a +0 club {mace}.
You now have 391 gold pieces (gained 7).
p - 177 stones {throwing} (gained 11)
You see here a +0 hunting sling {sling}.
You see here a +0 club {mace}.
A goblin comes into view. It is wielding a +0 hunting sling.
Things that are here:
6 gold pieces; a +0 club {mace} Danger!
Roll where?
Press: ? - help, Dir - move target, f - goblin
Aim: a goblin, wielding a +0 hunting sling and quivering stones You roll forward with a clatter of scales!
You hit the goblin.
You kill the goblin!
You hear a shout!
Unknown command.
You now have 398 gold pieces (gained 7).
p - 192 stones {throwing} (gained 15)
You see here a +0 hunting sling {sling}.
A goblin comes into view. It is wielding a +0 club.
Danger!
There is an open door here.
You see here a +0 club {mace}.
You now have enough gold to petition Gozag for potion effects.
You now have 404 gold pieces (gained 6).
You see here a +0 club {mace}.
Danger!
You see here a +0 club {mace}.
You see here a +0 hunting sling {sling}.
Roll where?
Press: ? - help, Dir - move target, f - goblin
Aim: a goblin, wielding a +0 club You roll forward with a clatter of scales!
You barely miss the goblin. You tail-slap the goblin.
You kill the goblin!
Unknown command.
You now have 409 gold pieces (gained 5).
Things that are here:
a +0 club {mace}; a +0 club {mace} Unknown command.
Unknown command.
A gnoll comes into view. It is wielding a +0 club.
There is an open door here.
Danger!
You barely miss the gnoll. The gnoll hits you with a +0 club.
You closely miss the gnoll. The gnoll hits you with a +0 club. x2
You barely miss the gnoll. You block the gnoll's attack.
You closely miss the gnoll. You block the gnoll's attack.
The gnoll hits you with a +0 club.
Unknown command.
Things that are here:
a +0 club {mace}; a +0 club {mace}
Things that are here:
a +0 club {mace}; a +0 club {mace} Roll where?
Press: ? - help, Dir - move target, f - gnoll
Aim: a gnoll, wielding a +0 club You roll forward with a clatter of scales!
You barely miss the gnoll. The gnoll hits you but does no damage.
The gnoll hits you with a +0 club.
* * * LOW HITPOINT WARNING * * *
Unknown command.
You closely miss the gnoll. The gnoll hits you with a +0 club.
* * * LOW HITPOINT WARNING * * *
Your shield and chain mail prevent you from hitting the gnoll.
The gnoll barely misses you. The gnoll hits you with a +0 club.
* * * LOW HITPOINT WARNING * * *
Unknown command.
You barely miss the gnoll.
You tail-slap the gnoll, but do no damage.
The gnoll hits you with a +0 club.
* * * LOW HITPOINT WARNING * * *
Unknown command.
You slash the gnoll! The gnoll hits you but does no damage.
The gnoll hits you with a +0 club.
* * * LOW HITPOINT WARNING * * *
Unknown command.
You completely miss the gnoll. You block the gnoll's attack.
Unknown command.
You closely miss the gnoll. The gnoll hits you but does no damage.
You block the gnoll's attack.
Your shield prevents you from hitting the gnoll.
The gnoll hits you with a +0 club.
You die...
Your body crumbles into a pile of gold.

Skill      XL: |  1  2  3 |
---------------+----------+-----
Shields        | 3 |  3.6
Axes           | 3 |  3.9
Fighting       | |  3.0
Armour         | |  2.4

Action                   |  1- 3 |  4- 6 || total
-------------------------+-------+-------++-------
Melee: War axe           |   121 |    40 ||   161
       Tailslap          |     4 |     4 ||     8
Throw: Stone             |     1 |       ||     1
 Abil: Rolling Charge    |    34 |    11 ||    45
  Use: Scroll            |     4 |       ||     4
Armor: Scale mail        |    55 |       ||    55
       Chain mail        |     4 |    17 ||    21
Dodge: Dodged            |    18 |     1 ||    19
Block: Kite shield       |    65 |     8 ||    73

Levels and vault maps discovered:
D:1:      mainiacjoe_arrival_reflecting_pool, layout_basic,
          shapermc_ecumenical_altar_mp_highgroup
D:2:      layout_basic, nrook_mini_backslash, minmay_misc_feat_doors,
          hangedman_decor_clover_reticule
D:3:      minmay_goblin_kobold_castle, layout_loops_cross,
          nzn_overflow_gifts_of_might_and_magic, mainiacjoe_overflow_two_lobes

Notes
Turn   | Place    | Note
-------+----------+-------------------------------------------
     0 | D:1      | Sobieck the Palentonga Fighter began the quest for the Orb.
     0 | D:1      | Reached XP level 1. HP: 19/19 MP: 1/1
   239 | D:1      | Reached XP level 2. HP: 9/25 MP: 2/2
   459 | D:1      | Found a faded altar of an unknown god.
   465 | D:1      | Became a worshipper of Gozag Ym Sagoz the Greedy
  1294 | D:2      | Reached skill level 3 in Shields
  1306 | D:2      | Reached XP level 3. HP: 30/31 MP: 3/3
  1626 | D:2      | Reached skill level 3 in Axes
  1956 | D:3      | You pick up a book of Minor Magic and begin reading...
  1956 | D:3      | You add the spells Magic Dart, Call Imp and Mephitic Cloud
                  | to your library.
  2311 | D:3      | Found a bloodstained altar of Trog.
  2311 | D:3      | Noticed Terence
  2328 | D:3      | HP: 4/28 [Terence (7)]
  2329 | D:3      | Killed Terence
  2330 | D:3      | Reached XP level 4. HP: 5/36 MP: 4/4
  2598 | D:3      | Found a shimmering blue altar of Sif Muna.
  2603 | D:3      | Got Sif Muna's Compendium of the Glacier
  2863 | D:3      | Found a broken altar of Ashenzari.
  2895 | D:3      | Found a glowing silver altar of Zin.
  3319 | D:3      | HP: 9/37 [gnoll (4)]
  3321 | D:3      | HP: 2/37 [gnoll (3)]
  3324 | D:3      | Slain by a gnoll

Vanquished Creatures
  Terence (D:3)
  An adder (D:2)
  A gnoll (D:3)
  A white imp (D:3)
  2 worms
  A dart slug (D:2)
  4 bats
  4 endoplasms
  A giant cockroach (D:1)
  17 goblins
  9 hobgoblins
  2 quokkas (D:2)
  7 ball pythons
  3 frilled lizards
  6 kobolds
  6 rats
66 creatures vanquished.

Table legend:
 A = Non-vault XP
 B = Vault XP
 C = Vault XP percentage of total XP
 D = Non-vault monster count
 E = Vault monster count
 F = Vault count percentage of total count
                 A         B        C        D         E       F
            +---------+---------+-------+---------+---------+-------
      Total |      97 |      89 |  47.8 |      48 |      18 |  27.3
            +---------+---------+-------+---------+---------+-------
        D:1 |      23 |       0 |   0.0 |      14 |       0 |   0.0
        D:2 |      52 |       0 |   0.0 |      23 |       0 |   0.0
        D:3 |      22 |      89 |  80.2 |      11 |      18 |  62.1
            +---------+---------+-------+---------+---------+-------

Illustrated notes

Table legend:
 A = Kills in this place as a percentage of kills in entire the game.
 B = Kills by you in this place as a percentage of kills by you in the entire game.
 C = Kills by friends in this place as a percentage of kills by friends in the entire game.
 D = Other kills in this place as a percentage of other kills in the entire game.
 E = Experience gained in this place as a percentage of experience gained in the entire game.
 F = Experience gained in this place divided by the number of levels of this place that you have seen.
                   A       B       C       D       E      F
               +-------+-------+-------+-------+-------+----------------------
         Total | 100.0 | 100.0 |   N/A |   N/A | 100.0 |  62.0
       Dungeon | 100.0 | 100.0 |   N/A |   N/A | 100.0 |  62.0
               +-------+-------+-------+-------+-------+----------------------

Table legend: (Time is in decaauts)
 A = Elapsed time spent in this place.
 B = Non-inter-level travel time spent in this place.
 C = Inter-level travel time spent in this place.
 D = Time resting spent in this place.
 E = Time spent auto-exploring this place.
 F = Levels seen in this place.
 G = Mean time per level.
                   A        B        C        D        E       F      G
               +--------+--------+--------+--------+--------+-----+--------+
         Total |   3420 |   3353 |     67 |    450 |   2316 |   3 | 1140.0 |
       Dungeon |   3420 |   3353 |     67 |    450 |   2316 |   3 | 1140.0 |
               +--------+--------+--------+--------+--------+-----+--------+

Top non-repeatable levels by time:
     D:3: 1364 daAuts
     D:1: 1056 daAuts
     D:2: 999 daAuts
